 Dungeon Crawl Stone Soup version 0.29-a0-284-gf9362112df (webtiles) character file.

Game seed: 240241048341387773

14 sanka the Ducker (level 2, 29/29 HPs)
             Began as a Gnoll Monk on Mar 14, 2022.
             Was a Plaything of Xom.
             Quit the game on level 1 of the Dungeon.
             The game lasted 00:01:10 (730 turns).

sanka the Ducker (Gnoll Monk)                        Turns: 730, Time: 00:01:11

Health: 29/29      AC:  2    Str: 10    XL:     2   Next: 45%
Magic:  2/2        EV: 15    Int:  9    God:    Xom [..*...]
Gold:   92         SH:  0    Dex: 14    Spells: 1/1 levels left

rFire   . . .      SeeInvis .   a - +0 hand axe
rCold   . . .      Faith    .   (no shield)
rNeg    + . .      Spirit   +   b - +0 robe
rPois   .          Reflect  .   (no helmet)
rElec   .          Harm     .   (no cloak)
rCorr   .          Rampage  .   (no gloves)
Will    .....                   (no boots)
Stlth   +++.......              f - amulet of guardian spirit
HPRegen 0.09/turn               (no ring)
MPRegen 0.08/turn               g - ring of positive energy

@: no status effects
A: fangs 1, strong nose, distributed training
a: Renounce Religion


You were on level 1 of the Dungeon.
You worshipped Xom.
You were a toy of Xom.
You visited 1 branch of the dungeon, and saw 1 of its levels.

You collected 92 gold pieces.


Innate Abilities, Weirdness & Mutations

You have very sharp teeth.
Your uncanny sense of smell can sniff out nearby items.
Your experience applies equally to all skills.


   Skills:
 + Level 6.5 Fighting
 + Level 0.4 Short Blades
 + Level 0.4 Long Blades
 + Level 6.5 Axes
 + Level 0.4 Maces & Flails
 + Level 0.4 Polearms
 + Level 0.4 Staves
 + Level 0.4 Slings
 + Level 0.4 Bows
 + Level 0.4 Crossbows
 + Level 0.4 Throwing
 + Level 0.4 Armour
 + Level 6.5 Dodging
 + Level 4.1 Stealth
 + Level 0.4 Shields
 + Level 0.4 Unarmed Combat
 + Level 0.4 Spellcasting
 + Level 0.2 Conjurations
 + Level 0.2 Hexes
 + Level 0.2 Summonings
 + Level 0.2 Necromancy
 + Level 0.2 Translocations
 + Level 0.2 Transmutations
 + Level 0.2 Fire Magic
 + Level 0.2 Ice Magic
 + Level 0.2 Air Magic
 + Level 0.2 Earth Magic
 + Level 0.2 Poison Magic
 + Level 0.5 Invocations
 + Level 0.4 Evocations


You had one spell level left.
You didn't know any spells.
Your spell library contained the following spells:

 Spells                   Type           Power      Damage    Failure   Level
 Sting                    Tmut/Pois      0%         1d3       34%         1
 Poisonous Vapours        Pois/Air       0%         N/A       47%         2
 Olgreb's Toxic Radiance  Pois           0%         N/A       98%         4

Inventory:

Hand Weapons
 a - a +0 hand axe (weapon)
Armour
 b - a +0 robe (worn)
Jewellery
 f - an amulet of guardian spirit (around neck)
 g - a ring of positive energy (right hand)
Scrolls
 e - 2 scrolls of teleportation {unknown}
Potions
 c - a potion of ambrosia
 d - 2 potions of attraction {unknown}

Dungeon Overview and Level Annotations

Branches:
Dungeon (1/15)

Altars:
Xom

........▒.....▒ ▒.▒
▒▒▒▒▒▒▒▒▒▒▒▒▒.▒ ▒.▒ .....▒
▒.▒ ▒.▒ ..▒▒.▒ ▒.▒▒ ▒.▒
.....▒ ▒..▒ ▒▒.▒ .....▒
▒▒▒▒▒▒▒▒▒▒▒▒8.▒
.....▒▒▒▒▒▒▒▒▒▒▒.▒.fP▒▒P..▒
▒▒▒▒.▒▒.).....▒▒8....▒..8.▒
▒.▒▒.▒▒▒▒▒▒▒▒gP▒▒...▒▒.▒
▒.▒▒.▒ ▒▒8P▒▒.▒▒▒.▒
▒▒▒▒.▒▒.▒ ▒▒▒▒▒▒▒ ..▒
.....▒▒.▒ ..▒ .....▒▒.▒ ▒▒▒
.....▒▒.▒ .....▒▒.▒
.....'..▒ .....▒▒▒▒


There were no monsters in sight!


Message History

No target in view!
No target in view!
You see here a +0 short sword.
You open the door.
Found a stone staircase leading down.
You open the door.
There is an open door here.
You open the door.
There is an open door here.
You open the door.
Found a Young Poisoner's Handbook.
There is an open door here.
You pick up a Young Poisoner's Handbook and begin reading...
You add the spells Sting, Poisonous Vapours and Olgreb's Toxic Radiance to your library.
You open the door.
There is an open door here.
Found a glowing hand axe.
There is an open door here.
There is an open door here.
You open the door.
There is an open door here.
Found a faded altar of an unknown god.
There is a faded altar of an unknown god here.
You cannot tell which god this altar belongs to.
Convert to them anyway?
Xom accepts your prayer! Xom welcomes you!
Xom is very interested.
Unknown command.
Press < or > to pray at altars.
Are you sure you want to abandon this character and quit the game? (Confirm with "yes".)

Action                   || total
-------------------------++-------
Melee: Hand axe          ||    29
       Bite              ||     2
       Punch             ||     1
 Stab: Sleeping          ||     4
Armor: Robe              ||     3
Dodge: Dodged            ||    18

Levels and vault maps discovered:
D:1:      lightli_arrival_lavapool, layout_basic,
          shapermc_ecumenical_altar_petra, st_stairs_12

Notes
Turn   | Place    | Note
-------+----------+-------------------------------------------
     0 | D:1      | sanka the Gnoll Monk began the quest for the Orb.
     0 | D:1      | Reached XP level 1. HP: 23/23 MP: 1/1
   217 | D:1      | Reached XP level 2. HP: 27/29 MP: 2/2
   724 | D:1      | Found a faded altar of an unknown god.
   729 | D:1      | Prayed at the altar of an unknown god.
   729 | D:1      | Became a worshipper of Xom of Bloodstained Whimsey
   730 | D:1      | Quit the game

Vanquished Creatures
  2 bats (D:1)
  3 endoplasms (D:1)
  A giant cockroach (D:1)
  A hobgoblin (D:1)
  A quokka (D:1)
  3 kobolds (D:1)
  A rat (D:1)
12 creatures vanquished.
